 Dungeon Crawl Stone Soup version 0.23-a0-309-ge7838e6 (webtiles) character file.

5 MisterFreud the Conjurer (level 1, -2/14 HPs)
             Began as a Draconian Conjurer on Oct 11, 2018.
             Slain by a goblin (4 damage)
             ... on level 1 of the Dungeon.
             The game lasted 00:02:22 (448 turns).

MisterFreud the Conjurer (Draconian Conjurer)        Turns: 448, Time: 00:02:23

Health: -2/14      AC:  4    Str: 10    XL:     1   Next: 66%
Magic:  0/3        EV: 12    Int: 15    God:
Gold:   0          SH:  0    Dex: 11    Spells: 3/4 levels left

rFire    . . .     SeeInvis .   a - +0 club
rCold    . . .     Gourm    .   (no shield)
rNeg     . . .     Faith    .   (armour unavailable)
rPois    .         Spirit   .   (helmet restricted)
rElec    .         Reflect  .   (no cloak)
rCorr    .         Harm     .   (no gloves)
MR       .....                  (no boots)
Stlth    ++........             (no amulet)
HPRegen  0.04/turn              (no ring)
MPRegen  0.08/turn              (no ring)

@: very slightly contaminated
A: unfitting armour, cold-blooded, AC +4
a: no special abilities


You were on level 1 of the Dungeon.
You were not hungry.

You visited 1 branch of the dungeon, and saw 1 of its levels.

Inventory:

Hand Weapons
 a - a +0 club (weapon)
Missiles
 d - 5 javelins (quivered)
 g - 22 stones
 j - 19 poisoned needles
 k - 25 sling bullets
Armour
 c - a +0 buckler
Potions
 e - a potion of agility
 i - 2 potions of berserk rage
Comestibles
 b - 2 rations
 f - 5 chunks of flesh


   Skills:
 - Level 1.7 Dodging
 - Level 1.7 Stealth
 + Level 0.6 Shields
 - Level 2.0 Spellcasting
 + Level 4.2 Conjurations


You had 3 spell levels left.
You knew the following spells:

 Your Spells              Type           Power        Failure   Level  Hunger
a - Magic Dart            Conj           ##..         4%          1    #......

Your spell library contained the following spells:

 Spells                   Type           Power        Failure   Level  Hunger
 Searing Ray              Conj           ##....       6%          2    ###....
 Dazzling Spray           Conj/Hex       #.....       28%         3    ###....
 Iskenderun's Mystic Bla  Conj           ##......     36%         4    #####..
 Force Lance              Conj/Tloc      #.......     67%         4    #####..
 Fulminant Prism          Conj/Hex       #.........   67%         4    #####..


Dungeon Overview and Level Annotations

Branches:
Dungeon (1/15)

Altars:


Innate Abilities, Weirdness & Mutations

Your plain brown scales are hard. (AC +4)
You cannot fit into any form of body armour.
You are cold-blooded and may be slowed by cold attacks.


Message History

You kill the leopard gecko!
Casting: Magic Dart (safe; 4% risk of failure)
Confirm with . or Enter, or press ? or * to list all spells.
You don't have enough magic to cast that spell.
Unknown command.
You hit the goblin.
The goblin is severely wounded.
The goblin hits you but does no damage. The goblin hits you.
* * * LOW HITPOINT WARNING * * *
There is an open door here.
Found a robe.
Casting: Magic Dart (safe; 4% risk of failure)
Confirm with . or Enter, or press ? or * to list all spells.
Aiming: Magic Dart (safe; 4% risk of failure)
Press: ? - help, Shift-Dir - straight line, f - goblin
Aim: a goblin (severely wounded)
You miscast Magic Dart.
You are very lightly contaminated with residual magic.
Nothing appears to happen.
The goblin hits you.
You die...

.....l. ########.......
#.......g......
#.#######...... #†#
#.####+ #[# #.## #.#
#########'### #..# #.#
#........g..# #.###.#
#........@..#######..##.##
#...........'.............
#...........########..#.##
#...........# ##.....
#...........# #...#.
#...........# #...#.
#...........# ##..#.
.[........# #..#. .......
#..#.


You could see a goblin.

Vanquished Creatures
  A leopard gecko (D:1)
  2 hobgoblins (D:1)
  A rat (D:1)
4 creatures vanquished.

Notes
Turn   | Place    | Note
-------+----------+-------------------------------------------
     0 | D:1      | MisterFreud the Draconian Conjurer began the quest for the
                  | Orb.
     0 | D:1      | Reached XP level 1. HP: 14/14 MP: 3/3
   448 | D:1      | Slain by a goblin

Vault maps used:
D:1:      minmay_arrival_widening_spiral_wide, kennysheep_nondescript

Action                   || total
-------------------------++-------
Melee: Unarmed           ||     9
       Club              ||     6
       Tailslap          ||     1
 Cast: Magic Dart        ||     9
  Use: Scroll            ||     2
Armor: Skin              ||     4
Dodge: Dodged            ||     7

Table legend:
 A = Non-vault XP
 B = Vault XP
 C = Vault XP percentage of total XP
 D = Non-vault monster count
 E = Vault monster count
 F = Vault count percentage of total count
                 A         B        C        D         E       F
            +---------+---------+-------+---------+---------+-------
      Total |       8 |       0 |   0.0 |       4 |       0 |   0.0
            +---------+---------+-------+---------+---------+-------
        D:1 |       8 |       0 |   0.0 |       4 |       0 |   0.0
            +---------+---------+-------+---------+---------+-------
